 Dungeon Crawl Stone Soup version 0.29.1-15-g9cfb28693d (webtiles) character file.

Game seed: 12225366270136224006

71 protoss039 the Digger (level 4, 16/32 HPs)
             Began as a Demonspawn Earth Elementalist on Mar 14, 2023.
             Got out of the dungeon alive.
             The game lasted 00:02:39 (3161 turns).

protoss039 the Digger (DsEE)                        Turns: 3161, Time: 00:02:39

Health: 16/32      AC:  9    Str:  8    XL:     4   Next: 5%
Magic:  7/7        EV: 10    Int: 19    God:
Gold:   81         SH:  4    Dex: 13    Spells: 1/7 levels left

rFire   . . .      SeeInvis .   h - +1 short sword (venom)
rCold   + . .      Faith    .   (no shield)
rNeg    . . .      Spirit   .   c - +0 ring mail
rPois   .          Reflect  .   (no helmet)
rElec   .          Harm     .   (no cloak)
rCorr   .          Rampage  .   (no gloves)
Will    .....                   (no boots)
Stlth   +.........              (no amulet)
HPRegen 0.10/turn               e - ring of protection from cold
MPRegen 0.10/turn               l - +4 ring of protection

@: no status effects
A: claws 1, condensation shield
a: no special abilities


You escaped.
You visited 1 branch of the dungeon, and saw 3 of its levels.

You collected 141 gold pieces.
You spent 60 gold pieces at shops.

Inventory:

Hand Weapons
 h - a +1 short sword of venom (weapon)
Armour
 c - a +0 ring mail (worn)
Jewellery
 e - a ring of protection from cold (left claw)
 j - a ring of resist corrosion
 l - a +4 ring of protection (right claw)
Scrolls
 g - 2 scrolls of identify
 i - 3 scrolls of teleportation
Potions
 a - a potion of lignification
 b - a potion of magic
 d - a potion of brilliance {unknown}
 f - a potion of heal wounds {unknown}
 k - a potion of haste {unknown}


   Skills:
 + Level 1.4 Fighting
 * Level 1.9 Armour
 - Level 1.7 Dodging
 - Level 1.7 Stealth
 + Level 2.4 Spellcasting
 + Level 0.1 Conjurations
 - Level 0.8 Transmutations
 + Level 3.1 Earth Magic


You had one spell level left.
You knew the following spells:

 Your Spells              Type           Power      Damage    Failure   Level
a - Sandblast             Erth           28%        2d8       13%         1
b - Passwall              Tmut/Erth      7%         N/A       32%         2
c - Stone Arrow           Conj/Erth      16%        3d8       58%         3

Your spell library contained the following spells:

 Spells                   Type           Power      Damage    Failure   Level
 Petrify                  Tmut/Erth      9%         N/A       91%         4


Dungeon Overview and Level Annotations

Branches:
Dungeon (3/15) Zot: 14811

Altars:

Shops:
D:2 *=


Innate Abilities, Weirdness & Mutations

You have sharp fingernails.
A meltable shield of frost defends you. (SH +4)


Message History

The adder barely misses you. The ball python barely misses you.
The ball python constricts you. The adder bites you.
You are poisoned.
The adder poisons you! The ball python barely misses you.
The ball python constricts you.
Casting: Sandblast (safe; 14% risk of failure)
Confirm with . or Enter, or press ? or * to list all spells.
Aiming: Sandblast (safe; 14% risk of failure)
Press: ? - help, Shift-Dir - straight line, f/p - adder
Aim: an adder (almost dead, 70% to hit)
The blast of sand hits the adder.
You kill the adder!
You feel very sick. The ball python barely misses you.
The ball python constricts you.
You have reached level 4!
You feel clever.
Your demonic ancestry asserts itself...
Frost condenses into a shield before you.
Unknown command.
Unknown command.
You hit the ball python but do no damage.
The ball python is poisoned.
You feel sick.
You kill the ball python!
You feel sick.
You see here a ball python corpse.
You feel sick.
You feel sick.
You feel sick.
You are no longer poisoned.
Your magical contamination has completely faded away.
There is a stone staircase leading up here.
You climb upwards.
There is a stone staircase leading down here.
There is a stone staircase leading up here.
You climb upwards.
There is a stone staircase leading down here.
There is an open door here.
Magic restored.
There is a staircase leading out of the dungeon here.
Are you sure you want to leave the Dungeon?
This will make you lose the game!
You have escaped!

.# .# ############ ### .#
#.....#....# #.. .#####
##..........# #.#
.....#####..8.8###8.8# #..
..##........#.#####.###########..
...#######.##.#.#.#.##...........
..## #.##.......##.########.# .##
#.##...@..)##.# #.# .#
#.##.......##.# #.# .#
#..#.#.#.#.##.# #.. '##
####.#####.##.# ### ..## #.#
#.##.# ## ...## ####.# #.#..###
##. ....## ##.##.#####.#.##.##
##..
.....####...#.......#.....####...
.....'......#########........'...


There were no monsters in sight!

Vanquished Creatures
  2 adders
  A dart slug (D:2)
  A worm (D:2)
  8 ball pythons
  4 bats
  3 endoplasms
  2 giant cockroaches
  8 goblins
  4 hobgoblins
  2 quokkas (D:1)
  2 frilled lizards (D:2)
  6 kobolds
  2 rats (D:1)
45 creatures vanquished.

Notes
Turn   | Place    | Note
-------+----------+-------------------------------------------
     0 | D:1      | protoss039 the Demonspawn Earth Elementalist began the
                  | quest for the Orb.
     0 | D:1      | Reached XP level 1. HP: 13/13 MP: 3/3
   641 | D:1      | Gained mutation: You have sharp fingernails. [demonic
                  | ancestry]
   641 | D:1      | Reached XP level 2. HP: 16/20 MP: 0/5
   929 | D:1      | Reached skill level 1 in Armour
  1361 | D:1      | Learned a level 2 spell: Passwall
  1365 | D:2      | Found a faded altar of an unknown god.
  1436 | D:2      | Reached skill level 1 in Fighting
  1472 | D:2      | Reached XP level 3. HP: 18/26 MP: 6/6
  1592 | D:2      | Reached skill level 3 in Earth Magic
  1809 | D:2      | Found Xasu's Jewellery Shoppe.
  2146 | D:2      | Found Puisiti's General Store.
  2154 | D:2      | Bought a scroll of identify for 24 gold pieces
  2154 | D:2      | Bought a scroll of teleportation for 36 gold pieces
  2967 | D:2      | Learned a level 3 spell: Stone Arrow
  3058 | D:3      | Gained mutation: A meltable shield of frost defends you.
                  | (SH +4) [demonic ancestry]
  3058 | D:3      | Reached XP level 4. HP: 10/32 MP: 1/7
  3161 | D:$      | Got out of the dungeon alive.

Illustrated notes

Levels and vault maps discovered:
D:1:      psy_arrival_basics, layout_loops_corners, kennysheep_flooded_box
D:2:      mumra_celtic_spiral_tile, layout_basic,
          dreamdust_ecumenical_altar_statues, serial_shops, shop, shop
D:3:      layout_loops_cross, lemuel_flame_loot_1

Skill      XL: |  1  2  3 |
---------------+----------+-----
Armour         | 1 |  1.9
Fighting       | 1 |  1.4
Earth Magic    | 3 |  3.1
Dodging        | |  1.7
Stealth        | |  1.7
Spellcasting   | |  2.4
Conjurations   | |  0.1
Transmutations | |  0.8

Action                   |  1- 3 |  4- 6 || total
-------------------------+-------+-------++-------
Melee: Club              |    28 |       ||    28
       Short sword       |    66 |     1 ||    67
 Cast: Sandblast         |    29 |       ||    29
  Use: Scroll            |     2 |       ||     2
Armor: Ring mail         |    49 |       ||    49
Dodge: Dodged            |    71 |       ||    71
